 Dungeon Crawl Stone Soup version 0.32-a0-314-g526f7d4993 (webtiles) character file.

Game seed: 4337338861069446456

3560 zeratav the Mimic (level 10, -12/69 HPs)
             Began as an Octopode Shapeshifter on Feb 15, 2024.
             Was an Initiate of Gozag.
             Mangled by a gnoll sergeant
             ... wielding a +0 halberd
              (14 damage)
             ... in a bailey.
             The game lasted 00:14:02 (7224 turns).

zeratav the Mimic (Octopode Shapeshifter)           Turns: 7224, Time: 00:14:02

Health: -12/69     AC:  5    Str: 23    XL:     10   Next: 9%
Magic:  0/10       EV: 13    Int: 13    God:    Gozag
Gold:   523        SH:  0    Dex: 12    Spells: 9/9 levels left

rFire   . .          .
                       - Unarmed
rCold   . . .        (shield currently unavailable)
rNeg    . . .        (helmet restricted)
rPois   .            m - amulet of guardian spirit
rElec   .            l - ring of resist corrosion
rCorr   +            r - +4 ring of protection
SInv    .            q - +6 ring of strength
Will    .....        (no ring)
Stlth   +            (no ring)
HPRegen 0.31/turn    (no ring)
MPRegen 0.12/turn    (no ring)
                     (no ring)

%: guardian spirit
@: flux-form, gold aura, held, glowing
A: glow, contaminating, almost no armour, amphibious, 8 rings, camouflage 1,
gelatinous body 1, (nimble swimmer 1), tentacles
a: Begin Untransformation, Renounce Religion, Potion Petition, Call Merchant,
Bribe Branch


You were in a bailey.
You worshipped Gozag.
Gozag was pleased with you.
You were something dangerously unstable.
You visited 2 branches of the dungeon, and saw 8 of its levels.
You also visited: Ossuary and Bailey.

You collected 636 gold pieces.
You paid 113 gold pieces to Gozag.


Innate Abilities, Weirdness & Mutations

You are something dangerously unstable.
You glow with magical radiation, making you easy to see and hit.
Foes you strike become dangerously contaminated with magical radiation.
You are incapable of wielding weapons or throwing items.
You cannot wear most types of armour.
You are amphibious.
You can wear up to eight rings at the same time.
Your skin changes colour to match your surroundings (Stealth+).
Your rubbery body absorbs attacks. (AC +1, EV +1)
((You are camouflaged when in or above water. (Stealth+)))
You have tentacles for arms and can constrict up to eight enemies at once.


   Skills:
 + Level 6.8 Fighting
 - Level 8.0 Dodging
 - Level 6.0 Unarmed Combat
 + Level 8.2 Shapeshifting


You had 9 spell levels left.
You didn't know any spells.
Your spell library contained the following spells:

 Spells                   Type           Power      Damage    Failure   Level
 Apportation              Tloc           0%         N/A       30%         1
 Jinxbite                 Hex            0%         N/A       43%         2
 Static Discharge         Conj/Air       0%         3-3/arc   43%         2
 Fugue of the Fallen      Necr           0%         N/A       67%         3
 Hailstorm                Conj/Ice       0%         3d5       67%         3
 Ozocubu's Armour         Ice            0%         N/A       67%         3
 Summon Ice Beast         Ice/Summ       0%         N/A       67%         3
 Airstrike                Air            0%         2d(0-16)  97%         4
 Manifold Assault         Tloc           0%         N/A       97%         4
 Summon Lightning Spire   Summ/Air       0%         N/A       97%         4
 Alistair's Intoxication  Alch           0%         N/A       100%        5
 Sculpt Simulacrum        Ice/Alch       0%         N/A       100%        6

Inventory:

Hand Weapons
 h - the +8 falchion "Negeisin" {venom, Dex+4 Stlth+, long}
   (You took it off an orc on level 7 of the Dungeon)

   Dex+4:     It affects your dexterity (+4).
   Stlth+:    It makes you more stealthy.
Jewellery
 l - a ring of resist corrosion (left tentacle)
   (You took it off a goblin on level 2 of the Dungeon)
 m - an amulet of guardian spirit (around mantle)
   (You found it on level 2 of the Dungeon)
 q - a +6 ring of strength (on tentacle)
   (You took it off a hobgoblin on level 4 of the Dungeon)
 r - a +4 ring of protection (right tentacle)
   (You found it on level 3 of the Dungeon)
 u - a ring of ice
   (You found it on level 5 of the Dungeon)
Talismans
 b - a beast talisman
 c - a flux talisman (active)
Wands
 n - a wand of flame (14) (quivered)
   (You took it off Ijyb on level 3 of the Dungeon)
Scrolls
 d - 2 scrolls of enchant armour
 e - a scroll of teleportation {@r4}
 i - 2 scrolls of fear {unknown}
 v - a scroll of blinking {!r}
 w - 2 scrolls of revelation {unknown}
 x - a scroll of identify {@r1}
 y - 2 scrolls of amnesia {unknown}
Potions
 a - a potion of lignification {!q}
 g - a potion of berserk rage {!q}
 j - 2 potions of enlightenment
 k - 2 potions of haste {@q3}
 o - 2 potions of invisibility {unknown}
 p - 3 potions of attraction {unknown}
 s - 3 potions of curing {unknown}
 t - 4 potions of resistance {unknown}
 A - a potion of mutation {unknown}
 B - a potion of brilliance {unknown}

Dungeon Overview and Level Annotations

Branches:
Dungeon (7/15) Zot: 26497  Temple (1/1) D:7 Zot: 5969 Ossuary (visited)
 Bailey (1/1) Zot: 5937

Altars:
Cheibriados
Dithmenos
Elyvilon
Fedhas
Gozag
Makhleb
Nemelex Xobeh
Okawaru
Qazlal
Ru
Sif Muna
Trog
Uskayaw
Vehumet
Xom
Yredelemnul
Zin
The Shining One

Annotations:
D:3 exclusion: downstairs
D:4 1 runed translucent door, 2 transporters, Crazy Yiuf; PriceMaster's ghost, novice SpCj
D:6 3 runed translucent doors, Gangsterbeez's ghost, novice MiFi

### ♣∩♣ ♣.♣ ♣♣(♣♣
♣♣.∩.♣♣♣♣
♣♣♣♣..$.$..♣♣
♣♣♣.$.....$...♣
♣♣p(....$........
♣≈≈§≈≈≈≈$..≈≈$≈$$
♣≈≈gggg......$....
♣≈..gg..)...)...$.
♣≈.######))'######
♣≈.# #...# ♣≈##
#..g# ♣≈ #...# ♣≈
'


You could see 2 gnoll sergeants and 4 gnolls.


Message History

HP[+1]
The gnoll closely misses you.
You enter the deep water.
The gnoll hits you from afar with a +0 trident.
The gnoll hits you with a +0 halberd!
HP[-12] MP[-1]
You take 12 damage, and now have 55/69 hp.
You lost 1 mp, and now have 9/10 mp.
You tentacle-slap the gnoll.
The gnoll begins to glow.
You grab the gnoll. You squeeze the gnoll. You constrict the gnoll.
The gnoll hits you from afar with a +0 trident.
The gnoll misses you.
The gnoll hits you from afar with a +0 spear.
HP[-4]
You take 4 damage, and now have 51/69 hp.
You tentacle-slap the gnoll but do no damage.
The gnoll glows dangerously bright.
You constrict the gnoll, but do no damage.
The gnoll misses you.
HP[+1]
You tentacle-slap the gnoll.
You kill the gnoll!
The gnoll hits you from afar with a +0 spear.
The wolf bites you.
HP[-8] MP[-2]
You take 8 damage, and now have 44/69 hp.
You lost 2 mp, and now have 7/10 mp.
You closely miss the wolf.
The gnoll shouts!
Your grab misses the wolf. You squeeze the wolf, but do no damage.
The gnoll sergeant completely misses you.
The wolf bites you!
HP[-7] MP[-1]
You take 7 damage, and now have 37/69 hp.
You lost 1 mp, and now have 6/10 mp.
You miss the wolf. Your grab misses the wolf. Your squeeze misses the wolf.
The wolf closely misses you.
The gnoll sergeant completely misses you.
The wolf closely misses you.
HP[+1]
You closely miss the wolf. You grab the wolf. You squeeze the wolf.
You constrict the wolf. The wolf closely misses you.
The gnoll sergeant barely misses you.
The gnoll sergeant completely misses you.
You tentacle-slap the wolf but do no damage.
The wolf begins to glow.
You squeeze the wolf. You constrict the wolf.
The wolf bites you but does no damage. The gnoll sergeant misses you.
The gnoll sergeant closely misses you. The wolf completely misses you.
You tentacle-slap the wolf.
The wolf glows dangerously bright.
You constrict the wolf. The wolf bites you.
* * * LOW HITPOINT WARNING * * *
The gnoll sergeant misses you. The gnoll sergeant barely misses you.
HP[-4] MP[-1]
You take 4 damage, and now have 34/69 hp.
You lost 1 mp, and now have 5/10 mp.
You tentacle-slap the wolf.
The wolf shudders as magic cascades through it!
You kill the wolf!
The gnoll sergeant hits you from afar with a +0 glaive!!
* * * LOW HITPOINT WARNING * * *
HP[-15] MP[-2]
You take 15 damage, and now have 19/69 hp.
MASSIVE DAMAGE!! (PAUSE)
You lost 2 mp, and now have 3/10 mp.
The gnoll sergeant barely misses you. The gnoll misses you.
The gnoll sergeant is distracted by your dazzling golden aura.
The gnoll throws a throwing net.
The throwing net hits you.
You become entangled in the net!
You see here a throwing net {=fthrowing}.
You struggle against the net.
The gnoll sergeant misses you.
The gnoll hits you from afar with a +0 trident!
* * * LOW HITPOINT WARNING * * *
HP[-9] MP[-1]
You take 9 damage, and now have 10/69 hp.
You lost 1 mp, and now have 2/10 mp.
You struggle against the net.
The gnoll sergeant hits you but does no damage.
The gnoll hits you from afar with a +0 trident.
* * * LOW HITPOINT WARNING * * *
HP[-3] MP[-1]
You take 3 damage, and now have 7/69 hp.
You lost 1 mp, and now have 1/10 mp.
Read: scroll of immolation {!r!r}
Press: ? - help, Q - select action, (/) - cycle Dir - look around, f - activate Look: a gnoll, wielding a +0 trident and wearing a +0 chain mail (susceptible)
As you read the scroll of immolation {!r!r}, it crumbles to dust.
The creatures around you are filled with an inner flame!
The gnoll sergeant is no longer distracted by gold.
The gnoll sergeant barely misses you.
The gnoll hits you from afar with a +0 trident.
* * * LOW HITPOINT WARNING * * *
HP[-5]
You take 5 damage, and now have 2/69 hp.
Aiming: Throw Flame
Press: ? - help, Q - select action, (/) - cycle Shift-Dir - straight line, f/p - gnoll
Aim: a gnoll, wielding a +0 trident and wearing a +0 chain mail (inner flame, 81% to hit)
The puff of flame hits the gnoll but does no damage.
The gnoll sergeant hits you from afar with a +0 halberd!
You die...
Your body crumbles into a pile of gold.

Skill      XL: |  1  2  3  4  5  6  7  8  9 10 |
---------------+-------------------------------+-----
Fighting       | 2 3 4 5 6 |  6.8
Shapeshifting  | 4 5 7 8 |  8.2
Dodging        | 5 8 |  8.0
Unarmed Combat | 5 6 |  6.0

Action                     |  1- 3 |  4- 6 |  7- 9 | 10-12 || total
---------------------------+-------+-------+-------+-------++-------
  Melee: Unarmed           |    48 |   126 |   351 |    20 ||   545
         Constrict         |    14 |    33 |    95 |     2 ||   144
         Tentacles         |     8 |    28 |    95 |     4 ||   135
         Punch             |     2 |     3 |     1 |       ||     6
  Evoke: Wand              |       |       |     2 |     3 ||     5
    Use: Scroll            |       |     8 |     6 |     3 ||    17
         Potion            |       |       |     2 |       ||     2
   Stab: Sleeping          |     3 |     8 |     1 |       ||    12
         Distracted        |       |       |     2 |       ||     2
 Armour: Skin              |    18 |    70 |   129 |    20 ||   237
  Dodge: Dodged            |    34 |    73 |   269 |    32 ||   408
   Form: Flux              |       |       |     1 |       ||     1

Levels and vault maps discovered:
D:1:      matt_arrival_refuge, layout_rooms
D:2:      cheibrodos_greedy_goblins, layout_loops_ring
D:3:      layout_rooms, trog_butcher_becter, glass_columns_a, dk_vineyard_3,
          minivault_25, reono_crystal_passage, uniq_robin, uniq_ijyb
D:4:      layout_loops_ring, nicolae_overflow_hallway_of_the_gods,
          gammafunk_ghost_arena, nicolae_tricolors, uniq_duvessa,
          uniq_crazy_yiuf_cottage, uniq_natasha
D:5:      nicolae_BIG_FREAKIN_CUBE, layout_layer_cave,
          nemelex_dance_club_becter, nicolae_shop_self_help, uniq_grinder
D:6:      layout_cave_pods, mainiacjoe_overflow_alcove_4, gammafunk_ghost_icy
D:7:      layout_rooms, fedhas_ov_isle_minmay, tgw_kikubaaqudgha,
          minmay_temple_entry_large_hall,
          mainiacjoe_ossuary_entry_find_the_door, ebering_ghost_reflecting_pool,
          enter_bailey_6, nicolae_elevator_lobby_asterisk
Temple:   nicolae_temple_bog_church
Bailey:   bailey_polearm_gnolls_kennysheep, bailey

Notes
Turn   | Place    | Note
-------+----------+-------------------------------------------
     0 | D:1      | zeratav the Octopode Shapeshifter began the quest for the
                  | Orb.
     0 | D:1      | Reached XP level 1. HP: 13/13 MP: 1/1
     0 | D:1      | magus.rc [v1.9.6]
   172 | D:1      | Reached skill level 2 in Fighting
   172 | D:1      | Reached XP level 2. HP: 19/19 MP: 2/2
   499 | D:2      | Reached XP level 3. HP: 22/25 MP: 3/3
   605 | D:2      | Reached skill level 3 in Fighting
   738 | D:2      | Reached XP level 4. HP: 25/33 MP: 4/4
  1327 | D:3      | Reached skill level 4 in Fighting
  1389 | D:3      | Noticed Ijyb
  1396 | D:3      | Killed Ijyb
  1397 | D:3      | Reached XP level 5. HP: 30/38 MP: 5/5
  1486 | D:3      | Noticed Robin
  1517 | D:3      | Killed Robin
  1518 | D:3      | Reached skill level 5 in Fighting
  1666 | D:3      | Found a bloodstained altar of Trog.
  1933 | D:3      | You pick up a book of Battle and begin reading...
  1933 | D:3      | You add the spells Fugue of the Fallen, Ozocubu's Armour
                  | and Manifold Assault to your library.
  2106 | D:3      | Reached skill level 4 in Shapeshifting
  2106 | D:3      | Reached XP level 6. HP: 31/45 MP: 4/6
  2304 | D:4      | You pick up a book of Storms and begin reading...
  2304 | D:4      | You add the spells Static Discharge, Airstrike and Summon
                  | Lightning Spire to your library.
  2341 | D:4      | Noticed Duvessa
  2444 | D:4      | Found a runed translucent door.
  2445 | D:4      | Noticed Crazy Yiuf
  2668 | D:4      | Reached skill level 5 in Shapeshifting
  2837 | D:4      | Reached XP level 7. HP: 46/50 MP: 5/7
  2968 | D:4      | Noticed Dowan
  3026 | D:4      | Found a transporter.
  3028 | D:4      | Noticed PriceMaster's ghost (novice SpCj)
  3064 | D:4      | Killed Dowan
  3131 | D:4      | Found a hide-covered altar of Uskayaw.
  3131 | D:4      | Noticed Natasha
  3134 | D:4      | Found a stormy altar of Qazlal.
  3139 | D:4      | Killed Natasha
  3152 | D:4      | Found a sacrificial altar of Ru.
  3153 | D:4      | Found a radiant altar of Vehumet.
  3159 | D:4      | Found a shimmering altar of Xom.
  3409 | D:4      | Killed Duvessa
  3410 | D:4      | Reached skill level 6 in Shapeshifting
  3650 | D:4      | Noticed Natasha
  3653 | D:4      | Found a transporter.
  3656 | D:4      | Killed Natasha
  3840 | D:4      | Noticed Natasha
  3845 | D:4      | Killed Natasha
  3987 | D:5      | Entered Level 5 of the Dungeon
  4013 | D:5      | You pick up a book of the Tundra and begin reading...
  4013 | D:5      | You add the spells Hailstorm, Summon Ice Beast and Sculpt
                  | Simulacrum to your library.
  4269 | D:5      | Reached skill level 7 in Shapeshifting
  4363 | D:5      | Reached XP level 8. HP: 55/55 MP: 8/8
  4571 | D:5      | Reached skill level 3 in Dodging
  4578 | D:5      | Reached skill level 4 in Unarmed Combat
  4685 | D:5      | Noticed Grinder
  4697 | D:5      | Killed Grinder
  4698 | D:5      | Reached skill level 4 in Dodging
  4789 | D:5      | Reached skill level 5 in Unarmed Combat
  4868 | D:5      | Found Guzim's Self-Improvement Boutique.
  5134 | D:5      | Found a sparkling altar of Nemelex Xobeh.
  5294 | D:5      | Reached skill level 5 in Dodging
  5354 | D:6      | Noticed Gangsterbeez's ghost (novice MiFi)
  5381 | D:6      | Found a runed translucent gate.
  5381 | D:6      | Found a runed translucent gate.
  5381 | D:6      | Found a runed translucent gate.
  5499 | D:6      | Reached XP level 9. HP: 37/61 MP: 5/9
  5513 | D:6      | Reached skill level 6 in Unarmed Combat
  5645 | D:6      | You pick up a book of Party Tricks and begin reading...
  5645 | D:6      | You add the spells Apportation, Jinxbite and Alistair's
                  | Intoxication to your library.
  5726 | D:6      | Reached skill level 6 in Dodging
  5877 | D:6      | Found a snail-covered altar of Cheibriados.
  6392 | D:7      | Found a blossoming altar of Fedhas.
  6409 | D:7      | Reached skill level 7 in Dodging
  6543 | D:7      | Found a staircase to the Ecumenical Temple.
  6575 | Temple   | Entered the Ecumenical Temple
  6590 | Temple   | Became a worshipper of Gozag Ym Sagoz the Greedy
  6614 | D:7      | Found a sand-covered staircase.
  6629 | Ossuary  | Entered an ossuary
  6657 | Ossuary  | Reached skill level 8 in Dodging
  6874 | D:7      | Identified the +8 falchion "Negeisin" {venom, Dex+4 Stlth+}
  6942 | D:7      | HP: 15/62 [kobold/+0 short sword (2)]
  6948 | D:7      | Reached skill level 6 in Fighting
  6956 | D:7      | HP: 14/62 [poisoned by a kobold]
  6961 | D:7      | HP: 10/62 [poisoned by a kobold]
  6979 | D:7      | HP: 12/62 [scorpion zombie (2)]
  7120 | D:7      | Reached XP level 10. HP: 50/69 MP: 10/10
  7131 | D:7      | Reached skill level 8 in Shapeshifting
  7152 | D:7      | Found a flagged portal.
  7161 | Bailey   | Entered a bailey
  7221 | Bailey   | HP: 10/69 [gnoll/+0 trident (9)]
  7223 | Bailey   | HP: 2/69 [gnoll/+0 trident (5)]
  7224 | Bailey   | Mangled by a gnoll sergeant

Vanquished Creatures
  Grinder (D:5)
  2 water moccasins
  Duvessa (D:4)
  2 ice beasts (D:7)
  2 sky beasts
  An ogre (D:5)
  A wolf (Bailey)
  A centaur (D:7)
  3 phantoms
  A weeping skull (Ossuary)
  2 kobold brigands
  An elf zombie (Ossuary)
  5 scorpions
  2 burial acolytes
  Dowan (D:4)
  3 howler monkeys (D:7)
  2 orc priests (D:5)
  4 hounds
  2 gnoll boudas (D:6)
  A jelly (D:5)
  A sleepcap (D:5)
  5 iguanas
  9 orc wizards
  Ijyb (D:3)
  Natasha (thrice) (D:4)
  4 scorpion zombies (D:7)
  3 mummies (Ossuary)
  Robin (D:3)
  20 gnolls
  5 adders
  A howler monkey skeleton (D:7)
  2 ufetubi (D:6)
  2 dart slugs
  2 ribbon worms
  28 orcs
  6 bats
  7 endoplasms
  2 giant cockroaches
  2 gnoll zombies (Ossuary)
  25 goblins
  11 hobgoblins
  14 kobolds
  2 quokkas
  3 ball pythons
  5 frilled lizards
  3 kobold zombies (Ossuary)
  2 orc zombies (Ossuary)
  3 rats
210 creatures vanquished.

Table legend:
 A = Non-vault XP
 B = Vault XP
 C = Vault XP percentage of total XP
 D = Non-vault monster count
 E = Vault monster count
 F = Vault count percentage of total count
                 A         B        C        D         E       F
            +---------+---------+-------+---------+---------+-------
      Total |    3489 |    1598 |  31.4 |     149 |      61 |  29.0
            +---------+---------+-------+---------+---------+-------
        D:1 |      31 |       0 |   0.0 |      12 |       0 |   0.0
        D:2 |      38 |      29 |  43.3 |       9 |      10 |  52.6
        D:3 |     193 |      96 |  33.2 |      25 |      18 |  41.9
        D:4 |     349 |     252 |  41.9 |      20 |       3 |  13.0
        D:5 |     835 |     377 |  31.1 |      27 |       3 |  10.0
        D:6 |     752 |       0 |   0.0 |      26 |       0 |   0.0
        D:7 |    1291 |     222 |  14.7 |      30 |       6 |  16.7
    Ossuary |       0 |     342 | 100.0 |       0 |      13 | 100.0
     Bailey |       0 |     280 | 100.0 |       0 |       8 | 100.0
            +---------+---------+-------+---------+---------+-------

Skill      XL: |  1  2  3  4  5  6  7  8  9 10 |
---------------+-------------------------------+-----
Fighting       | 2 3 4 5 6 |  6.8
Shapeshifting  | 4 5 7 8 |  8.2
Dodging        | 5 8 |  8.0
Unarmed Combat | 5 6 |  6.0

Action                     |  1- 3 |  4- 6 |  7- 9 | 10-12 || total
---------------------------+-------+-------+-------+-------++-------
  Melee: Unarmed           |    48 |   126 |   351 |    20 ||   545
         Constrict         |    14 |    33 |    95 |     2 ||   144
         Tentacles         |     8 |    28 |    95 |     4 ||   135
         Punch             |     2 |     3 |     1 |       ||     6
  Evoke: Wand              |       |       |     2 |     3 ||     5
    Use: Scroll            |       |     8 |     6 |     3 ||    17
         Potion            |       |       |     2 |       ||     2
   Stab: Sleeping          |     3 |     8 |     1 |       ||    12
         Distracted        |       |       |     2 |       ||     2
 Armour: Skin              |    18 |    70 |   129 |    20 ||   237
  Dodge: Dodged            |    34 |    73 |   269 |    32 ||   408
   Form: Flux              |       |       |     1 |       ||     1

Illustrated notes

Table legend:
 A = Kills in this place as a percentage of kills in the entire game.
 B = Kills by you in this place as a percentage of kills by you in the entire game.
 C = Kills by friends in this place as a percentage of kills by friends in the entire game.
 D = Other kills in this place as a percentage of other kills in the entire game.
 E = Experience gained in this place as a percentage of experience gained in the entire game.
 F = Experience gained in this place divided by the number of levels of this place that you have seen.
                   A       B       C       D       E      F
               +-------+-------+-------+-------+-------+----------------------
         Total | 100.0 | 100.0 |   N/A |   N/A | 100.0 | 508.7
       Dungeon |  90.0 |  90.0 |   N/A |   N/A |  87.8 | 637.9
       Ossuary |   6.2 |   6.2 |   N/A |   N/A |   6.7 | 342.0
        Bailey |   3.8 |   3.8 |   N/A |   N/A |   5.5 | 280.0
               +-------+-------+-------+-------+-------+----------------------

Table legend: (Time is in decaauts)
 A = Elapsed time spent in this place.
 B = Non-inter-level travel time spent in this place.
 C = Inter-level travel time spent in this place.
 D = Time resting spent in this place.
 E = Time spent auto-exploring this place.
 F = Levels seen in this place.
 G = Mean time per level.
                   A        B        C        D        E       F      G
               +--------+--------+--------+--------+--------+-----+--------+
         Total |   7189 |   6798 |    391 |    993 |   4267 |  10 |  718.9 |
       Dungeon |   6871 |   6509 |    362 |    980 |   4131 |   7 |  981.6 |
        Temple |     30 |      1 |     29 |      0 |      0 |   1 |   30.0 |
       Ossuary |    224 |    224 |      0 |      0 |    136 |   1 |  224.0 |
        Bailey |     61 |     61 |      0 |     13 |      0 |   1 |   61.0 |
               +--------+--------+--------+--------+--------+-----+--------+

Top non-repeatable levels by time:
     D:4: 1714 daAuts
     D:5: 1334 daAuts
     D:6: 1047 daAuts
     D:3: 954 daAuts
     D:2: 853 daAuts
     D:7: 502 daAuts
     D:1: 464 daAuts
 Ossuary: 224 daAuts
  Bailey: 61 daAuts
  Temple: 30 daAuts
